 Dungeon Crawl Stone Soup version 0.26-a0-771-g060e6a62af (webtiles) character file.

Game seed: 15025252122587146579

3724 Queen the Carver (level 9, 0/82 HPs)
             Began as a Black Draconian Fighter on Nov 8, 2020.
             Was a Believer of the Shining One.
             Killed themself with a bounced bolt of lightning (3 damage)
             ... on level 8 of the Dungeon.
             The game lasted 00:21:12 (7063 turns).

Queen the Carver (Black Draconian Fighter)          Turns: 7063, Time: 00:21:12

Health: 0/82       AC:  8    Str: 28    XL:     9   Next: 92%
Magic:  18/18      EV: 15    Int:  8    God:    the Shining One [**....]
Gold:   316        SH:  4    Dex: 11    Spells: 8/8 levels left

rFire    . . .     SeeInvis .   a - +0 long sword
rCold    . . .     Faith    .   h - +0 buckler
rNeg     + . .     Spirit   .   (armour unavailable)
rPois    .         Reflect  .   (helmet restricted)
rElec    +         Harm     .   s - scarf {+Inv}
rCorr    .         Rampage  .   x - +0 pair of gloves
MR       .....                  (no boots)
Stlth    +.........             r - amulet of regeneration (curse)
HPRegen  0.63/turn              q - +6 ring of strength
MPRegen  0.16/turn              B - ring of magical power

@: glowing
A: breathe lightning, unfitting armour, electricity resistance, cold-blooded, AC
+7
a: Breathe Lightning, Divine Shield, Renounce Religion, Evoke Invisibility


You were on level 8 of the Dungeon.
You worshipped the Shining One.
The Shining One was pleased with you.
You visited 2 branches of the dungeon, and saw 9 of its levels.
You also visited: Sewer.

You collected 341 gold pieces.
You donated 25 gold pieces to Zin.

Inventory:

Hand Weapons
 a - a +0 long sword (weapon)
Armour
 b - a +0 kite shield
 h - a +0 buckler (worn)
 s - a scarf of invisibility (worn)
 x - a +0 pair of gloves (worn)
 G - a scarf of resistance
Jewellery
 q - a +6 ring of strength (left hand)
 r - a cursed amulet of regeneration (around neck)
 B - a ring of magical power (right hand)
Wands
 m - a wand of polymorph (4)
 y - a wand of disintegration (15)
 z - a wand of paralysis (9)
Scrolls
 d - 4 scrolls of amnesia
 f - 7 scrolls of remove curse
 j - 2 scrolls of fog
 t - 2 scrolls of immolation {unknown}
 u - 2 scrolls of teleportation {unknown}
 v - 4 scrolls of enchant weapon {unknown}
 A - a scroll of noise {unknown}
 E - a scroll of blinking {unknown}
 F - a scroll of random uselessness {unknown}
Potions
 c - 3 potions of might
 e - 4 potions of heal wounds
 g - 8 potions of curing
 i - a potion of magic
 k - a potion of lignification
 l - 3 potions of flight
 n - 2 potions of brilliance
 o - a potion of resistance
 p - 2 potions of attraction {unknown}
 w - a potion of ambrosia {unknown}
 C - a potion of mutation {unknown}
 D - 2 potions of cancellation {unknown}


   Skills:
 + Level 8.4 Fighting
 * Level 10.1 Long Blades
 + Level 7.0 Dodging
 - Level 4.0 Shields


You had 8 spell levels left.
You didn't know any spells.
Your spell library was empty.

Dungeon Overview and Level Annotations

Branches:
Dungeon (8/15)             Temple (1/1) D:4            Lair (0/6) D:8
  Sewer (visited)

Altars:
Ashenzari
Cheibriados
Elyvilon
Fedhas
Gozag
Hepliaklqana
Nemelex Xobeh
Okawaru
Qazlal
Ru
Sif Muna
Trog
Uskayaw
Vehumet
Wu Jian
Xom
Yredelemnul
Zin
The Shining One

Shops:
D:8 (


Innate Abilities, Weirdness & Mutations

You can breathe wild blasts of lightning.
Your glossy black scales are hard. (AC +7)
You cannot fit into any form of body armour.
You are resistant to electric shocks. (rElec)
You are cold-blooded and may be slowed by cold attacks.


Message History

The slime creature hits you!
* * * LOW HITPOINT WARNING * * *
You slash the slime creature!
The slime creature is heavily wounded.
The slime creature hits you.
* * * LOW HITPOINT WARNING * * *
You breathe a wild blast of lightning!
The zap hits you. You resist.
* * * LOW HITPOINT WARNING * * *
The zap hits you. You resist.
* * * LOW HITPOINT WARNING * * *
The zap hits the slime creature.
The slime creature is severely wounded.
The zap hits the slime creature.
The slime creature is severely wounded.
You hear a mighty clap of thunder!
The bolt of lightning hits the slime creature!
The slime creature is almost dead.
You hear a mighty clap of thunder!
The bolt of lightning hits you. You resist.
You die...

.........###########...........##
################# #.......#####.
# ##≈≈≈≈≈...#####........# #. #
##.########.##..........###. #
#.##≈≈!P. ##≈#.#........'.'. #
#.#≈≈..P. #≈#.###+#....###. #
#.#;)$P.. #.#.###.#....# #. .
#≈#;≈.P≈. +#.#...#.#....# ##
##≈##≈.≈≈. #@.#<#.#)#....# #
#.##≈##########J##+#'#'#....# #
#.#≈##≈?$P. #≈≈#........#### #
#.#.#;≈?P.. #≈##........#
#.#.#;≈≈P.. #. #........#
#.#.#≈≈.≈.. #. #........#
#.#'##≈.!.. .. ##+#+#+#.#
#....###### .# #.# #...## ### #.#


You could see a slime creature.

Vanquished Creatures
  A two-headed ogre (D:8)
  Eustachio (D:5)
  Duvessa (D:5)
  A sky beast (D:7)
  3 ice beasts
  An ogre (D:8)
  4 centaurs (D:7)
  6 big kobolds (Sewer)
  7 bullfrogs
  2 scorpions
  Dowan (D:5)
  A howler monkey (D:4)
  A centaur zombie (D:5)
  A quasit (D:7)
  2 jellies
  3 orc priests
  6 hounds
  3 orc wizards
  Jessica (D:2)
  2 iguanas
  5 worker ants
  A killer bee zombie (D:8)
  A hound zombie (D:5)
  A worker ant zombie (D:2)
  3 gnolls (D:5)
  12 adders
  A shadow imp (D:7)
  2 white imps
  An ufetubus (D:7)
  4 oozes
  An adder zombie (D:8)
  An adder skeleton (D:5)
  A worm (D:4)
  2 dart slugs
  2 leopard geckos
  21 orcs
  4 ball pythons
  14 giant cockroaches
  3 goblins
  5 hobgoblins
  9 jackals
  4 quokkas
  8 bats
  4 frilled lizards
  9 kobolds
  A quokka skeleton (D:8)
  10 rats
178 creatures vanquished.

Vanquished Creatures (others)
  An orc wizard (D:4)
  10 plants (Sewer)
11 creatures vanquished.

Grand Total: 189 creatures vanquished

Notes
Turn   | Place    | Note
-------+----------+-------------------------------------------
     0 | D:1      | Queen the Draconian Fighter began the quest for the Orb.
     0 | D:1      | Reached XP level 1. HP: 19/19 MP: 1/1
   439 | D:1      | Reached XP level 2. HP: 25/26 MP: 2/2
   771 | D:2      | Noticed Jessica
   786 | D:2      | Killed Jessica
   786 | D:2      | Reached XP level 3. HP: 28/31 MP: 3/3
   891 | D:2      | Reached skill level 3 in Long Blades
   905 | D:2      | Reached XP level 4. HP: 33/40 MP: 4/4
  1692 | D:3      | Reached XP level 5. HP: 22/46 MP: 5/5
  1970 | D:3      | You fall into a shaft and drop 2 floors!
  1970 | D:5      | Entered Level 5 of the Dungeon
  2266 | D:4      | Found a staircase to the Ecumenical Temple.
  2274 | Temple   | Entered the Ecumenical Temple
  2362 | Temple   | Became a worshipper of Zin the Law-Giver
  2362 | Temple   | Reached * piety under Zin
  2393 | D:4      | Reached skill level 4 in Long Blades
  2452 | D:4      | Reached XP level 6. HP: 26/53 MP: 6/6
  2567 | D:4      | Found a glowing drain.
  2577 | Sewer    | Entered a sewer
  2761 | Sewer    | Reached skill level 5 in Long Blades
  3124 | Sewer    | Reached skill level 5 in Fighting
  3124 | Sewer    | Your scales start taking on a glossy black colour.
  3124 | Sewer    | Reached XP level 7. HP: 54/61 MP: 7/7
  3124 | Sewer    | Gained mutation: You are resistant to electric shocks.
                  | (rElec) [Black Draconian growth]
  3668 | D:4      | Reached skill level 6 in Long Blades
  3722 | D:4      | HP: 2/61 [orc wizard/magic dart (8)]
  4257 | D:5      | Reached ** piety under Zin
  4279 | D:5      | Noticed Eustachio
  4288 | D:5      | Killed Eustachio
  4288 | D:5      | Reached XP level 8. HP: 55/70 MP: 8/8
  4320 | D:5      | Noticed Dowan
  4321 | D:5      | Noticed Duvessa
  4322 | D:5      | Killed Dowan
  4322 | D:5      | Reached skill level 5 in Dodging
  4361 | D:5      | Killed Duvessa
  4361 | D:5      | Reached skill level 7 in Long Blades
  5395 | D:6      | Found a glowing golden altar of the Shining One.
  5395 | D:6      | Found a sacrificial altar of Ru.
  5400 | D:6      | Found a white marble altar of Elyvilon.
  5402 | D:6      | Found a shimmering altar of Xom.
  5403 | D:6      | Found a stormy altar of Qazlal.
  5412 | D:6      | Fell from the grace of Zin
  5412 | D:6      | Became a worshipper of the Shining One
  5412 | D:6      | Reached * piety under the Shining One
  5649 | D:7      | Reached skill level 8 in Long Blades
  5673 | D:7      | Reached XP level 9. HP: 71/79 MP: 9/9
  6163 | D:7      | Reached skill level 9 in Long Blades
  6586 | D:8      | Found a staircase to the Lair.
  6591 | D:8      | Noticed a two-headed ogre
  6598 | D:8      | Killed a two-headed ogre
  6603 | D:8      | Reached skill level 10 in Long Blades
  6986 | D:8      | Found Dytaext's Weapon Shop.
  7018 | D:8      | Reached ** piety under the Shining One
  7063 | D:8      | HP: 4/82 [bounced beam (1)]
  7063 | D:8      | Killed themself with a bounced bolt of lightning

Illustrated notes

Levels and vault maps discovered:
D:1:      dpeg_arrival_simpleton_a, layout_loops_ring, minmay_tromino_i4
D:2:      kb_forest_paths, layout_basic, uniq_jessica
D:3:      layout_basic, chequers_ecumenical_altar_island, grunt_ministairs_14
D:4:      layout_basic, minmay_temple_entry_junction, portal_sewer_entry_b
D:5:      layout_basic, uniq_eustachio, uniq_duvessa
D:6:      layout_rooms, chequers_temple_overflow_minitemple,
          minmay_misc_feat_cross, minmay_misc_feat_five
D:7:      minmay_cornered_nines, layout_cave_pods, minmay_circle_x
D:8:      cheibrodos_two_vegetables, layout_basic, lair_entry_dummy,
          serial_shops, kennysheep_mini_moat
Temple:   jpeg_temple_clearing

Skill      XL: |  1  2  3  4  5  6  7  8  9 |
---------------+----------------------------+-----
Dodging        | 3 4 5 7 |  7.0
Long Blades    | 3 4 5 6 8 10 | 10.1
Fighting       | 4 5 7 8 |  8.4
Shields        | 4 |  4.0

Action                   |  1- 3 |  4- 6 |  7- 9 || total
-------------------------+-------+-------+-------++-------
Melee: Long sword        |    51 |   229 |   332 ||   612
       Tailslap          |     8 |    23 |    41 ||    72
 Abil: Breathe Lightning |       |       |    25 ||    25
       Evoke Invisibilit |       |       |     1 ||     1
  Use: Scroll            |       |     8 |     6 ||    14
 Stab: Sleeping          |     1 |       |     1 ||     2
Armor: Skin              |    16 |    61 |    95 ||   172
Dodge: Dodged            |    33 |   168 |   245 ||   446
Block: Kite shield       |    13 |       |       ||    13
       Buckler           |     6 |    49 |    76 ||   131
       Rpst.: Long sword |    11 |    61 |    73 ||   145

Table legend: (Time is in decaauts)
 A = Elapsed time spent in this place.
 B = Non-inter-level travel time spent in this place.
 C = Inter-level travel time spent in this place.
 D = Time resting spent in this place.
 E = Time spent auto-exploring this place.
 F = Levels seen in this place.
 G = Mean time per level.
                   A        B        C        D        E       F      G
               +--------+--------+--------+--------+--------+-----+--------+
         Total |   7241 |   6779 |    462 |   1297 |   3696 |  10 |  724.1 |
       Dungeon |   6157 |   5732 |    425 |   1015 |   3440 |   8 |  769.6 |
        Temple |    104 |     67 |     37 |      0 |     65 |   1 |  104.0 |
         Sewer |    978 |    978 |      0 |    282 |    191 |   1 |  978.0 |
               +--------+--------+--------+--------+--------+-----+--------+

Top non-repeatable levels by time:
     D:5: 1197 daAuts
   Sewer: 978 daAuts
     D:2: 825 daAuts
     D:4: 802 daAuts
     D:1: 783 daAuts
     D:7: 754 daAuts
     D:8: 726 daAuts
     D:6: 669 daAuts
     D:3: 398 daAuts
  Temple: 104 daAuts
